 Dungeon Crawl Stone Soup version 0.31-a0-188-g5e087ee2ca (webtiles) character file.

Game seed: 14733973838805317036

336 qw the Skirmisher (level 6, -2/35 HPs)
             Began as a Deep Elf Hunter on June 22, 2023.
             Killed by divine providence
             ... invoked by an orc priest
              (11 damage)
             ... on level 5 of the Dungeon.
             The game lasted 00:01:14 (2870 turns).

qw the Skirmisher (Deep Elf Hunter)                 Turns: 2870, Time: 00:01:15

Health: -2/35      AC:  5    Str: 10    XL:     6   Next: 28%
Magic:  8/8        EV: 11    Int: 14    God:
Gold:   14         SH:  0    Dex: 18    Spells: 5/5 levels left

rFire   . . .        Y - +1 shortbow
rCold   + . .        (shield currently unavailable)
rNeg    . . .        e - +0 ring mail
rPois   .            (helmet restricted)
rElec   .            (no cloak)
rCorr   .            (no gloves)
SInv    .            (no boots)
Will    .....        (no amulet)
Stlth   +            f - ring of protection from cold
HPRegen 0.25/turn    (no ring)
MPRegen 0.11/turn

%: no passive effects
@: no status effects
A: horns 1
a: no special abilities


You were on level 5 of the Dungeon.
You visited 1 branch of the dungeon, and saw 5 of its levels.

You collected 182 gold pieces.
You spent 168 gold pieces at shops.


Innate Abilities, Weirdness & Mutations

You have a pair of small horns on your head.


   Skills:
 - Level 2.0 Fighting
 + Level 9.8 Ranged Weapons
 - Level 2.4 Dodging
 - Level 1.2 Stealth


You had 5 spell levels left.
You didn't know any spells.
Your spell library was empty.

Inventory:

Hand Weapons
 Y - a +1 shortbow (weapon)
Armour
 e - a +0 ring mail (worn)
Jewellery
 f - a ring of protection from cold (left hand)
Scrolls
 b - a scroll of identify
Potions
 a - a potion of might
 c - a potion of mutation
 d - 6 potions of curing
 g - a potion of cancellation
 h - a potion of haste {unknown}
 i - a potion of berserk rage {unknown}
 l - a potion of attraction {unknown}

Dungeon Overview and Level Annotations

Branches:
Dungeon (5/15)
 Temple: D:4-7

Altars:

Shops:
D:4 *


Message History

The orc shouts!
You hear a shout!
The ice beast hits you but does no damage.
You shoot an arrow. The arrow closely misses the ice beast.
The ice beast closely misses you.
You shoot an arrow.
The arrow completely misses the ice beast.
The ice beast hits you but does no damage.
You shoot an arrow. The orc wizard shouts!
The arrow hits the ice beast but does no damage.
The ice beast is heavily wounded.
The ice beast barely misses you. The ice beast closely misses you.
An orc comes into view. It is wielding a +0 flail.
You shoot an arrow. The orc shouts!
The arrow hits the ice beast.
The ice beast is severely wounded.
The ice beast hits you but does no damage.
The orc moves out of view.
You shoot an arrow. The arrow hits the ice beast.
The ice beast is almost dead.
The ice beast closely misses you.
The orc priest invokes the aid of Beogh against you.
Beogh smites you!
You shoot an arrow. The arrow hits the ice beast.
You kill the ice beast!
You have reached level 6!
You shoot an arrow. The arrow hits the orc.
The orc is heavily wounded.
The orc closely misses you.
The orc wizard gestures wildly while chanting.
The orc wizard flickers and vanishes!
Deactivating autopickup; reactivate with Ctrl-A.
You shoot an arrow.
The arrow hits the orc but does no damage.
The orc is heavily wounded.
The orc hits you with a +0 short sword.
The orc priest mumbles some strange prayers to Beogh against you.
Beogh smites you!
You die...

#....oooo
#....$..
##
......#
.. #.o...
.. #..{.#
# #..o.#
# #....#
#..o#####
#...@..<#
#......##
#..<...#
#...####
##..#
#..# #..#
...# ...#


You could see an orc priest and 2 orcs.

Vanquished Creatures
  An ice beast (D:5)
  2 iguanas (D:4)
  An orc wizard (D:3)
  Robin (D:2)
  4 adders
  A white imp (D:5)
  2 ufetubi
  4 worms
  4 dart slugs
  9 orcs
  2 bats
  7 endoplasms
  2 giant cockroaches
  5 goblins
  12 hobgoblins
  A jackal (D:2)
  2 quokkas
  11 ball pythons
  8 frilled lizards
  3 kobolds (D:1)
  8 rats
90 creatures vanquished.

Notes
Turn   | Place    | Note
-------+----------+-------------------------------------------
     0 | D:1      | qw the Deep Elf Hunter began the quest for the Orb.
     0 | D:1      | Reached XP level 1. HP: 12/12 MP: 3/3
     0 | D:1      | 0 ||| qw: Version: 0.3-a-9-g12657ce
     0 | D:1      | 0 ||| qw: Game counter: 2807
     0 | D:1      | 0 ||| qw: Always use a shield: true
     0 | D:1      | 0 ||| qw: God list: Okawaru
     0 | D:1      | 0 ||| qw: Allow faded altars: false
     0 | D:1      | 0 ||| qw: Do Orc after D:15 true
     0 | D:1      | 0 ||| qw: Do second Lair branch before Depths: true
     0 | D:1      | 0 ||| qw: Lair rune preference: random
     0 | D:1      | 0 ||| qw: Plans: Normal
     0 | D:1      | 0 ||| PLANNING D:1-11
   213 | D:1      | Found a faded altar of an unknown god.
   216 | D:1      | Reached XP level 2. HP: 16/16 MP: 4/4
   222 | D:1      | Reached skill level 6 in Ranged Weapons
   445 | D:1      | 445 ||| UPGRADING to +0 ring mail.
   455 | D:1      | 455 ||| DROPPING +0 leather armour.
   456 | D:1      | 456 ||| READING scroll labelled WACUPU TA JECY.
   457 | D:1      | 457 ||| READING scroll labelled QIUVI UDIAZ.
   458 | D:1      | 458 ||| READING scroll labelled FILECW APRULLI.
   459 | D:1      | 459 ||| READING scroll labelled HIOPNY BIXOI.
   460 | D:1      | 460 ||| READING scroll labelled AVVOYS XIDANG.
   461 | D:1      | 461 ||| DROPPING scroll of butterflies.
   605 | D:2      | Reached XP level 3. HP: 10/20 MP: 5/5
   721 | D:2      | Reached skill level 7 in Ranged Weapons
   984 | D:2      | Noticed Robin
   988 | D:2      | Killed Robin
   989 | D:2      | Reached XP level 4. HP: 25/25 MP: 6/6
  1133 | D:2      | 1133 ||| UPGRADING to +0 helmet.
  1138 | D:2      | 1138 ||| UPGRADING to ring of protection from cold.
  1139 | D:2      | 1139 ||| READING scroll labelled RYMIDU DOMA.
  1140 | D:2      | 1140 ||| READING scroll labelled RUHUFO QOOLIRU.
  1141 | D:2      | 1141 ||| READING scroll labelled QET KI ABENYITH.
  1144 | D:2      | 1144 ||| READING 3 scrolls of identify.
  1144 | D:2      | 1144 ||| IDENTIFYING bubbling coppery potion
  1145 | D:2      | 1145 ||| READING 2 scrolls of identify.
  1145 | D:2      | 1145 ||| IDENTIFYING pink potion
  1146 | D:2      | 1146 ||| DROPPING potion of magic.
  1307 | D:3      | You fall into a shaft and drop 2 floors!
  1307 | D:5      | Entered Level 5 of the Dungeon
  1368 | D:5      | 1368 ||| READING 3 scrolls of identify.
  1368 | D:5      | 1368 ||| IDENTIFYING lumpy ruby potion
  1369 | D:5      | 1369 ||| READING 2 scrolls of identify.
  1369 | D:5      | 1369 ||| IDENTIFYING fizzy ruby potion
  1370 | D:5      | 1370 ||| DROPPING potion of brilliance.
  1371 | D:5      | 1371 ||| DROPPING potion of lignification.
  1435 | D:4      | 1435 ||| FLEEEEING.
  1440 | D:4      | 1440 ||| STAIRDANCE
  1533 | D:3      | Reached skill level 8 in Ranged Weapons
  1536 | D:3      | 1536 ||| Stepping ~*~*~tactically~*~*~ (outnumbered).
  1538 | D:3      | 1538 ||| Stepping ~*~*~tactically~*~*~ (outnumbered).
  1579 | D:3      | Reached XP level 5. HP: 19/29 MP: 7/7
  2026 | D:3      | 2026 ||| DRINKING 2 glowing purple potions.
  2026 | D:3      | Gained mutation: You have a pair of small horns on your
                  | head. [potion of mutation]
  2027 | D:3      | 2027 ||| DROPPING +0 helmet.
  2250 | D:4      | Reached skill level 9 in Ranged Weapons
  2257 | D:4      | Found Porasm's Assorted Antiques.
  2267 | D:4      | 2267 ||| BUYING 2 potions of curing (126 gold).
  2267 | D:4      | Bought 2 potions of curing for 126 gold pieces
  2267 | D:4      | 2267 ||| SHOPLISTING knobbly tourmaline ring (105 gold,
                  | have 56).
  2267 | D:4      | 2267 ||| BUYING scroll of identify (42 gold).
  2267 | D:4      | Bought a scroll of identify for 42 gold pieces
  2267 | D:4      | 2267 ||| SHOPLISTING scroll of teleportation (63 gold, have
                  | 14).
  2813 | D:4      | 2813 ||| DRINKING 2 glowing inky potions.
  2814 | D:4      | 2814 ||| READING 2 scrolls of identify.
  2814 | D:4      | 2814 ||| IDENTIFYING puce potion
  2849 | D:5      | Noticed an ice beast
  2850 | D:5      | 2850 ||| Stepping ~*~*~tactically~*~*~ (outnumbered).
  2861 | D:5      | HP: 7/30 [ice beast (2)]
  2861 | D:5      | HP: 1/30 [ice beast (6)]
  2862 | D:5      | 2862 ||| DRINKING potion of heal wounds.
  2868 | D:5      | Killed an ice beast
  2869 | D:5      | Reached XP level 6. HP: 11/35 MP: 8/8
  2870 | D:5      | Killed from afar by an orc priest

Levels and vault maps discovered:
D:1:      nagdon_arrival_double_spiral, layout_rooms,
          nicolae_ecumenical_snake_handling
D:2:      layout_basic, minmay_between, uniq_robin
D:3:      layout_loops_ring
D:4:      layout_basic, serial_shops, shop
D:5:      layout_cave_pods

Skill      XL: |  1  2  3  4  5 |
---------------+----------------+-----
Ranged Weapons | 6 7 8 9 |  9.8
Fighting       | 2 |  2.0
Dodging        | |  2.4
Stealth        | |  1.2

Action                     |  1- 3 |  4- 6 || total
---------------------------+-------+-------++-------
   Fire: Shortbow          |   111 |   173 ||   284
    Use: Scroll            |     5 |     8 ||    13
         Potion            |       |     3 ||     3
 Armour: Ring mail         |    20 |    28 ||    48
  Dodge: Dodged            |    15 |    45 ||    60

Table legend:
 A = Non-vault XP
 B = Vault XP
 C = Vault XP percentage of total XP
 D = Non-vault monster count
 E = Vault monster count
 F = Vault count percentage of total count
                 A         B        C        D         E       F
            +---------+---------+-------+---------+---------+-------
      Total |     452 |      28 |   5.8 |      80 |      10 |  11.1
            +---------+---------+-------+---------+---------+-------
        D:1 |      36 |       3 |   7.7 |      22 |       3 |  12.0
        D:2 |      46 |      25 |  35.2 |       9 |       7 |  43.8
        D:3 |     103 |       0 |   0.0 |      28 |       0 |   0.0
        D:4 |     122 |       0 |   0.0 |      18 |       0 |   0.0
        D:5 |     145 |       0 |   0.0 |       3 |       0 |   0.0
            +---------+---------+-------+---------+---------+-------
